[Event "4th Batumi Cup 2018"]
[Site "Batumi"]
[Date "2018.07.06"]
[Round "5"]
[White "Sattarov, Bobir"]
[Black "Eynullayev, Altay"]
[Result "1-0"]
[ECO "C00"]
[WhiteElo "2328"]
[BlackElo "2134"]
[Annotator "NA"]
[PlyCount "103"]
[EventDate "2018.07.03"]
[EventType "swiss"]
[EventCountry "GEO"]
[SourceTitle "playchess.com"]
[Source "ChessBase"]
[SourceQuality "1"]
[TimeControl "40/5400+30:1800+30"]

1. e4 e6 2. Qe2 c5 3. Nf3 Nc6 4. g3 g6 5. Bg2 Bg7 6. O-O Nge7 7. c3 O-O 8. d3 d6 9. Rd1 {[%emt 0:01:21] C00: French: Unusual White 2nd moves} (9. a3 b5 10. b4 cxb4 11. axb4 a5 12. Bb2 Bd7 13. Na3 Qb6 14. bxa5 Rxa5 15. c4 b4 16. Nb5 Rfa8 17. Bxg7 Kxg7 {½-½ (53) Bauer,C (2628)-Prusikin,M (2512) Switzerland 2018}) 9... e5 10. a3 {[%emt 0:00:35] LiveBook: 8 Games} Be6 11. b4 Rc8 $146 ({Predecessor:} 11... a6 12. Be3 cxb4 13. axb4 d5 14. Ng5 Bc8 15. exd5 Nxd5 16. Bc5 Re8 {½-½ (82) Peptan,C (2422)-Nguyen,T (2307) Tromsoe 2014}) 12. Bb2 Qc7 13. Nbd2 a6 14. Rac1 b5 15. Nf1 Rfe8 16. Ne3 h6 17. Qd2 Qb6 18. h4 a5 19. h5 axb4 20. axb4 cxb4 21. hxg6 fxg6 22. cxb4 Nd4 23. Nxd4 exd4 24. Nd5 Nxd5 25. exd5 Bg4 26. Rxc8 Rxc8 27. Re1 Bf5 28. Be4 Bxe4 29. Rxe4 Qc7 30. Qe1 Qc2 31. Bxd4 Bxd4 32. Rxd4 Qc1 33. Qxc1 Rxc1+ 34. Kg2 Re1 35. Re4 Rd1 $1 36. Re3 Kf7 37. Kf3 Rd2 38. g4 g5 39. Re6 Rxd3+ 40. Ke4 Rb3 41. Rxh6 Rxb4+ 42. Kf5 Rf4+ 43. Kxg5 Rxf2 44. Rh7+ Kf8 $2 ({Black should try} 44... Ke8 $14) 45. Rb7 Rb2 {[%emt 0:01:56] [#]} 46. Kf6 $1 Ke8 $2 (46... Rf2+ 47. Ke6 Rb2 48. Kxd6 b4) 47. g5 Rf2+ 48. Ke6 $18 Re2+ 49. Kxd6 Rg2 50. Rxb5 Rxg5 51. Rb8+ Kf7 52. Kc6 1-0

[Event "4th Batumi Cup 2018"]
[Site "Batumi"]
[Date "2018.07.06"]
[Round "5"]
[White "Gvetadze, Sofio"]
[Black "Mosadeghpour, Masoud"]
[Result "0-1"]
[ECO "C47"]
[WhiteElo "2316"]
[BlackElo "2531"]
[Annotator "ChessBase"]
[PlyCount "42"]
[EventDate "2018.07.03"]
[EventType "swiss"]
[EventCountry "GEO"]
[SourceTitle "playchess.com"]
[Source "ChessBase"]
[SourceQuality "1"]
[TimeControl "40/5400+30:1800+30"]

1. e4 e5 2. Nf3 Nc6 3. Nc3 Nf6 4. h3 Bb4 5. Bd3 d6 6. O-O a6 7. Ne2 g5 8. c3 Bc5 9. Nxg5 Rg8 10. Nxf7 Kxf7 11. Bc4+ d5 12. exd5 Na5 13. d4 Nxc4 14. dxc5 Bxh3 15. Ng3 Bg4 16. f3 Bh3 17. Kf2 Qf8 18. gxh3 Qxc5+ 19. Kg2 Nh5 20. f4 Nxg3 21. Rf3 Nf1+ 0-1

[Event "4th Batumi Cup 2018"]
[Site "Batumi"]
[Date "2018.07.06"]
[Round "5"]
[White "Garayev, Kanan"]
[Black "Pogosyan, Stefan"]
[Result "1-0"]
[ECO "E13"]
[WhiteElo "2300"]
[BlackElo "2356"]
[Annotator "NA"]
[PlyCount "63"]
[EventDate "2018.07.03"]
[EventType "swiss"]
[EventCountry "GEO"]
[SourceTitle "playchess.com"]
[Source "ChessBase"]
[SourceQuality "1"]
[TimeControl "40/5400+30:1800+30"]

1. d4 Nf6 2. Nf3 e6 3. c4 b6 4. Nc3 Bb4 5. Bg5 h6 6. Bh4 g5 7. Bg3 Ne4 8. Qc2 f5 9. e3 Bb7 {[%emt 0:00:44] LiveBook: 53 Games} 10. Nd2 {[%emt 0:07:03] E13: Damenindisch (5.Lg5)} (10. d5 Na6 11. Be5 O-O 12. O-O-O Bxc3 13. Bxc3 Nxc3 14. Qxc3 Qf6 15. Qxf6 Rxf6 16. h4 g4 17. Ne5 exd5 18. cxd5 {½-½ (34) Moiseenko,A (2709)-Onischuk,A (2672) Antalya 2013}) 10... O-O (10... Bxc3 $11 11. bxc3 d6) 11. f3 Nxg3 12. hxg3 Qf6 13. Nb5 $146 ({Vorgänger:} 13. g4 c5 14. d5 Bxc3 15. bxc3 exd5 16. cxd5 Bxd5 17. Qxf5 Qxf5 18. gxf5 Kg7 19. e4 Bg8 20. Nc4 d5 21. Ne3 Nc6 22. Ng4 {1-0 (22) Zaitsev,A-Nikitin,Y Alma-Ata (Kazakhstan) 1969}) 13... a6 14. Nc3 Bd6 15. f4 c5 16. d5 b5 17. O-O-O exd5 18. cxd5 Be7 19. e4 gxf4 20. exf5 fxg3 21. Rh5 Qg7 22. Nde4 Qg4 23. Be2 Qf4+ 24. Kb1 Rxf5 25. Rf1 Qxf1+ 26. Bxf1 Rxh5 27. Nf6+ Bxf6 28. Qg6+ Bg7 29. Qe8+ Bf8 30. Qxh5 d6 31. Qg6+ Bg7 32. Qe6+ $18 (32. Qe8+ $142 Bf8 33. Bd3 Bc8 34. Qxc8 Ra7 35. Qe6+ Kh8 36. Qf6+ Kg8 37. Bf5) 1-0

[Event "4th Batumi Cup 2018"]
[Site "Batumi"]
[Date "2018.07.06"]
[Round "5"]
[White "Suleymanli Aydin"]
[Black "Levin, Evgeny A"]
[Result "1/2-1/2"]
[ECO "A69"]
[WhiteElo "2266"]
[BlackElo "2539"]
[Annotator "RC"]
[PlyCount "50"]
[EventDate "2018.07.03"]
[EventType "swiss"]
[EventCountry "GEO"]
[SourceTitle "playchess.com"]
[Source "ChessBase"]
[SourceQuality "1"]
[TimeControl "40/5400+30:1800+30"]

1. d4 Nf6 2. c4 g6 3. Nc3 Bg7 4. e4 d6 5. f4 O-O 6. Nf3 c5 7. d5 e6 8. Be2 exd5 9. cxd5 Re8 10. e5 dxe5 11. fxe5 Ng4 12. e6 fxe6 13. d6 Bd7 14. O-O Qb6 15. Kh1 Nc6 16. Na4 Qa5 17. Bd2 Nb4 18. Nc3 Qb6 19. Bg5 c4 20. Qd2 h6 21. Bf4 g5 22. Bxg5 hxg5 23. Qxg5 Nc2 24. Qxg4 Nxa1 25. Ne5 Qxd6 1/2-1/2

[Event "4th Batumi Cup 2018"]
[Site "Batumi"]
[Date "2018.07.06"]
[Round "5"]
[White "Mammadova, Narmin"]
[Black "Chkhaidze, Nikoloz"]
[Result "1/2-1/2"]
[ECO "C48"]
[WhiteElo "2209"]
[BlackElo "2337"]
[Annotator "NA"]
[PlyCount "108"]
[EventDate "2018.07.03"]
[EventType "swiss"]
[EventCountry "GEO"]
[SourceTitle "playchess.com"]
[Source "ChessBase"]
[SourceQuality "1"]
[TimeControl "40/5400+30:1800+30"]

1. e4 e5 2. Nf3 Nc6 3. Nc3 Nf6 4. Bb5 Nd4 5. Ba4 Nxf3+ 6. Qxf3 Bc5 7. O-O O-O 8. d3 c6 9. Bb3 {[%emt 0:01:32] C48: Four Knights: 4 Bb5, replies other than 4...Bb4} b5 (9... a5 10. a4 d6 11. Kh1 Be6 12. Bxe6 fxe6 13. Qh3 Qe8 14. f3 Qf7 15. Ne2 Rae8 16. Bd2 Bb6 {1-0 (68) Firman,N (2525)-Balogh,C (2616) Germany 2009}) 10. a3 d6 11. h3 $146 ({Predecessor:} 11. Be3 Bd4 12. h3 Bb6 13. Bg5 Be6 14. Bxf6 Qxf6 15. Qxf6 gxf6 16. g4 Bd4 {½-½ (48) Arias Rodriguez,S-Corredor Pravia,M Asturias 1993}) 11... Be6 12. Ne2 Bxb3 13. cxb3 Ne8 14. Ng3 Nc7 15. Nf5 Ne6 16. b4 Bd4 17. Kh1 Kh8 18. Qg4 g6 19. Nxd4 Nxd4 20. Bg5 f6 21. Be3 f5 22. exf5 Nxf5 23. d4 Qe8 24. Qe4 exd4 25. Bxd4+ Kg8 26. Qd3 Qf7 27. Bc3 Qc4 28. Rad1 Qxd3 29. Rxd3 Rae8 30. Kg1 Re6 31. g4 Ne7 32. Re1 Rxe1+ 33. Bxe1 Nd5 34. Bd2 Re8 35. Be3 Nxe3 36. fxe3 d5 37. Kf2 Kf7 38. Rc3 Re6 39. Kf3 Kf6 40. h4 Ke5 41. g5 Kd6 42. Rd3 Re5 43. Rd4 Rf5+ 44. Ke2 Rf8 45. Rd1 Rf7 46. Rd4 Rf5 47. Rd1 h6 48. gxh6 Rh5 49. Rg1 Rxh6 50. Rg4 Ke5 51. Kd3 Kf5 52. Rf4+ Ke5 53. Rg4 $11 Kf5 54. Rf4+ Ke5 {[%emt 0:00:16] Ke4+*} 1/2-1/2

[Event "4th Batumi Cup 2018"]
[Site "Batumi"]
[Date "2018.07.06"]
[Round "5"]
[White "Khalaji, Hanieh"]
[Black "Martynyuk, Elizaveta"]
[Result "1-0"]
[ECO "B22"]
[WhiteElo "2146"]
[BlackElo "2182"]
[Annotator "NA"]
[PlyCount "79"]
[EventDate "2018.07.03"]
[EventType "swiss"]
[EventCountry "GEO"]
[SourceTitle "playchess.com"]
[Source "ChessBase"]
[SourceQuality "1"]
[TimeControl "40/5400+30:1800+30"]

1. e4 c5 2. c3 Nf6 3. e5 Nd5 4. d4 cxd4 5. cxd4 Nc6 6. Nc3 Nxc3 7. bxc3 d5 {[%emt 0:00:09] B22: Sicilian: 2 c3} (7... d6 8. f4 e6 9. Nf3 Be7 10. Bd3 b6 11. O-O Bb7 12. f5 exf5 13. Bxf5 dxe5 14. d5 Bc5+ 15. Kh1 {0-1 (38) Sveshnikov,V (2377)-Kovalenko,I (2636) Olaine 2017}) 8. Bd3 a6 9. Ne2 Bg4 10. f3 $146 ({Predecessor:} 10. O-O e6 11. f4 b5 12. f5 Be7 13. h3 Bxf5 14. Bxf5 exf5 15. Rxf5 {1-0 (26) Pooth,R (1769)-Kunath,W (1798) Templin 2004}) 10... Bh5 11. Nf4 Bg6 12. Bxg6 hxg6 13. e6 g5 14. exf7+ Kxf7 15. Nh3 Qd6 16. Nxg5+ Kg8 17. f4 e6 18. Qg4 Re8 19. O-O Nd8 20. Re1 Be7 21. Nf3 ({Stronger than} 21. Nxe6 Bf6 $11) 21... Bf6 22. f5 e5 23. dxe5 Bxe5 24. Nxe5 Rxe5 25. Bf4 Qc5+ 26. Kh1 Rxe1+ 27. Rxe1 Kf8 28. Qg6 Nf7 29. Qe6 Qc6 30. Qe7+ Kg8 31. Qe8+ Qxe8 32. Rxe8+ Kh7 33. Re7 Nh6 $18 34. f6 Nf5 35. Rxb7 Rc8 36. g4 Rc4 37. Bb8 Ne3 38. f7 Rxc3 39. Rc7 Rd3 40. Rc1 1-0

[Event "4th Batumi Cup 2018"]
[Site "Batumi"]
[Date "2018.07.06"]
[Round "5"]
[White "Stepanyan, Eva"]
[Black "Tereladze, Sopiko"]
[Result "1/2-1/2"]
[ECO "C77"]
[WhiteElo "2096"]
[BlackElo "2169"]
[Annotator "NA"]
[PlyCount "54"]
[EventDate "2018.07.03"]
[EventType "swiss"]
[EventCountry "GEO"]
[SourceTitle "playchess.com"]
[Source "ChessBase"]
[SourceQuality "1"]
[TimeControl "40/5400+30:1800+30"]

1. e4 e5 2. Nf3 Nc6 3. Bb5 a6 4. Ba4 Nf6 5. d3 b5 6. Bb3 Be7 7. O-O O-O 8. Nc3 d6 9. a3 Na5 {[%emt 0:08:40] LiveBook: 131 Games C77: Ruy Lopez: 3...a6 4 Ba4 Nf6, unusual lines} 10. Ba2 Be6 11. Bg5 (11. b4 Bxa2 12. Rxa2 Nc6 13. Bg5 Ng4 14. Bd2 Nf6 15. Bg5 Ng4 16. Bd2 Nf6 17. Bg5 {½-½ (17) Vachier Lagrave,M (2789)-Carlsen,M (2843) Stavanger 2018}) 11... Bxa2 12. Rxa2 h6 $146 ({Predecessor:} 12... Nc6 13. a4 b4 14. Bxf6 Bxf6 15. Nd5 g6 16. c3 bxc3 17. bxc3 {½-½ (26) Predke,A (2533)-Motylev,A (2648) Sochi 2015}) 13. Bd2 ({Besser ist} 13. Bxf6 $14 Bxf6 14. a4) 13... c5 14. Ra1 Nc6 15. Re1 Re8 16. Nd5 Bf8 17. b4 Nd4 18. bxc5 Nxf3+ 19. Qxf3 Nxd5 20. exd5 dxc5 21. c4 b4 22. Qg3 Qf6 23. Re4 Bd6 24. a4 Kh7 25. Bc1 Qf5 26. Bb2 $15 f6 27. Qh4 Qg5 1/2-1/2

[Event "4th Batumi Cup 2018"]
[Site "Batumi"]
[Date "2018.07.06"]
[Round "5"]
[White "Al Hosani, Omran"]
[Black "Lomsadze, Davit"]
[Result "0-1"]
[ECO "A48"]
[WhiteElo "2089"]
[BlackElo "2348"]
[Annotator "NA"]
[PlyCount "54"]
[EventDate "2018.07.03"]
[EventType "swiss"]
[EventCountry "GEO"]
[SourceTitle "playchess.com"]
[Source "ChessBase"]
[SourceQuality "1"]
[TimeControl "40/5400+30:1800+30"]

1. d4 Nf6 2. Nf3 g6 3. Bf4 Bg7 4. e3 O-O 5. Be2 d6 6. h3 c5 7. c3 b6 8. O-O Bb7 9. Nbd2 Nbd7 10. Qc2 Rc8 {[%emt 0:02:27] LiveBook: 5 Games A48: 1 d4 Nf6 2 Nf3 g6: Torre, London and Colle Systems} 11. a4 a6 12. Qd3 (12. Rfd1 Rc7 13. e4 cxd4 14. Nxd4 e5 15. Bg3 exd4 16. Bxd6 dxc3 17. bxc3 Re8 18. Bxc7 Qxc7 19. f3 Nh5 20. Bc4 Nf4 21. Qb3 Ne5 22. Bd5 Qc5+ 23. Kh1 Bxd5 24. exd5 Qf2 {0-1 (24) Rombaldoni,D (2481)-Dvirnyy,D (2537) Chianciano Terme 2018}) 12... Re8 13. e4 $146 ({Predecessor:} 13. Nc4 Be4 14. Qd1 cxd4 15. exd4 Bxf3 16. gxf3 Nh5 17. Bxd6 exd6 18. Nxd6 Qg5+ 19. Kh1 Nf4 20. Rg1 Qh4 21. Qf1 Nxh3 22. Rg4 Nxf2+ 23. Kg1 Nxg4 24. fxg4 Qg3+ {0-1 (24) Lee,Z (1373)-Noor Akbar,D (1583) Penang 2013}) 13... cxd4 14. cxd4 Qc7 15. Qb1 Qb8 16. Re1 e5 17. dxe5 dxe5 18. Bh2 Qd6 19. b4 Bf8 20. b5 a5 21. Nc4 Qc5 22. Bd3 Nh5 23. Rc1 Nf4 24. Bf1 $14 Qb4 25. Qxb4 axb4 26. Nfxe5 Nxe5 27. Bxf4 Nxc4 0-1

[Event "4th Batumi Cup 2018"]
[Site "Batumi"]
[Date "2018.07.07"]
[Round "6"]
[White "Jumabayev, Rinat"]
[Black "Pourramezanali, Amirreza"]
[Result "1-0"]
[ECO "D45"]
[WhiteElo "2594"]
[BlackElo "2537"]
[Annotator "ChessBase"]
[PlyCount "51"]
[EventDate "2018.07.03"]
[EventType "swiss"]
[EventCountry "GEO"]
[SourceTitle "playchess.com"]
[Source "ChessBase"]
[SourceQuality "1"]
[TimeControl "40/5400+30:1800+30"]

1. d4 d5 2. c4 c6 3. Nf3 Nf6 4. Nc3 e6 5. e3 Nbd7 6. Be2 Bd6 7. O-O O-O 8. b3 b6 9. Bb2 Bb7 10. Qc2 Qe7 11. Rfe1 Rad8 12. e4 Nxe4 13. Nxe4 dxe4 14. Qxe4 Bb4 15. Bd3 Nf6 16. Qh4 Bxe1 17. Bxh7+ Kh8 18. Bc2+ Kg8 19. Bh7+ Kh8 20. Bc2+ Kg8 21. Rxe1 Rfe8 22. Re3 g6 23. d5 Kg7 24. dxe6 Rh8 25. Qf4 Rh5 26. g4 1-0

[Event "4th Batumi Cup 2018"]
[Site "Batumi"]
[Date "2018.07.07"]
[Round "6"]
[White "Pantsulaia, Levan"]
[Black "Sindarov, Javokhir"]
[Result "1-0"]
[ECO "E62"]
[WhiteElo "2575"]
[BlackElo "2474"]
[Annotator "ChessBase"]
[PlyCount "47"]
[EventDate "2018.07.03"]
[EventType "swiss"]
[EventCountry "GEO"]
[SourceTitle "playchess.com"]
[Source "ChessBase"]
[SourceQuality "1"]
[TimeControl "40/5400+30:1800+30"]

1. Nf3 g6 2. d4 d6 3. g3 Bg7 4. Bg2 Nf6 5. c4 O-O 6. Nc3 Nc6 7. O-O Bg4 8. d5 Na5 9. Qd3 c5 10. Nd2 a6 11. Rb1 Rb8 12. b3 Bd7 13. Bb2 b5 14. h3 Qc8 15. g4 Qd8 16. Ba1 e6 17. dxe6 Bxe6 18. cxb5 axb5 19. Nxb5 d5 20. a4 Nc6 21. Qc3 Rc8 22. Qxc5 Ne4 23. Nxe4 Nd4 24. Nxd4 1-0

[Event "4th Batumi Cup 2018"]
[Site "Batumi"]
[Date "2018.07.07"]
[Round "6"]
[White "Mosadeghpour, Masoud"]
[Black "Garayev, Kanan"]
[Result "1-0"]
[ECO "C65"]
[WhiteElo "2531"]
[BlackElo "2300"]
[Annotator "RC"]
[PlyCount "67"]
[EventDate "2018.07.03"]
[EventType "swiss"]
[EventCountry "GEO"]
[SourceTitle "playchess.com"]
[Source "ChessBase"]
[SourceQuality "1"]
[TimeControl "40/5400+30:1800+30"]

1. e4 e5 2. Nf3 Nc6 3. Bb5 Nf6 4. d3 d6 5. c4 g6 6. O-O Bg7 7. Nc3 O-O 8. Bxc6 bxc6 9. d4 Bg4 10. dxe5 Bxf3 11. Qxf3 dxe5 12. Be3 Qe7 13. Rfd1 Nd7 14. Rd2 Rfe8 15. Rad1 Nf8 16. Na4 Qb4 17. b3 Ne6 18. Rd7 Rf8 19. h4 Qb8 20. Nc5 Nd4 21. Bxd4 exd4 22. Qf4 Qb4 23. Nd3 Qa5 24. Qd2 Qh5 25. g3 Qg4 26. Rxc7 Qxe4 27. Re1 Qf3 28. Qe2 Qf6 29. Qg4 a5 30. Kg2 Qd6 31. Qd7 Qa3 32. Re7 Rad8 33. Qe6 Rd6 34. Rxf7 1-0

[Event "4th Batumi Cup 2018"]
[Site "Batumi"]
[Date "2018.07.07"]
[Round "6"]
[White "Quparadze, Giga"]
[Black "Smirnov, Pavel"]
[Result "1/2-1/2"]
[ECO "B40"]
[WhiteElo "2503"]
[BlackElo "2576"]
[Annotator "ChessBase"]
[PlyCount "56"]
[EventDate "2018.07.03"]
[EventType "swiss"]
[EventCountry "GEO"]
[SourceTitle "playchess.com"]
[Source "ChessBase"]
[SourceQuality "1"]
[TimeControl "40/5400+30:1800+30"]

1. e4 c5 2. Nf3 e6 3. g3 Nc6 4. Bg2 Nf6 5. Qe2 e5 6. O-O Be7 7. c3 O-O 8. d4 cxd4 9. cxd4 d5 10. exd5 Nxd4 11. Nxd4 exd4 12. Nd2 Bg4 13. Qc4 Rc8 14. Qxd4 Be2 15. Re1 Bc5 16. Qf4 Re8 17. Nb3 Nxd5 18. Qf5 Bg4 19. Rxe8+ Qxe8 20. Qe4 Nf6 21. Qxe8+ Rxe8 22. h3 Re1+ 23. Kh2 Bb6 24. hxg4 Nxg4+ 25. Kh3 Nxf2+ 26. Kh2 Ng4+ 27. Kh3 Nf2+ 28. Kh2 Ng4+ 1/2-1/2

[Event "4th Batumi Cup 2018"]
[Site "Batumi"]
[Date "2018.07.07"]
[Round "6"]
[White "Tutisani, Noe"]
[Black "Maghalashvili, Davit"]
[Result "1/2-1/2"]
[ECO "B89"]
[WhiteElo "2469"]
[BlackElo "2508"]
[Annotator "ChessBase"]
[PlyCount "50"]
[EventDate "2018.07.03"]
[EventType "swiss"]
[EventCountry "GEO"]
[SourceTitle "playchess.com"]
[Source "ChessBase"]
[SourceQuality "1"]
[TimeControl "40/5400+30:1800+30"]

1. e4 c5 2. Nf3 d6 3. d4 cxd4 4. Nxd4 Nf6 5. Nc3 a6 6. Bc4 e6 7. Be3 Nc6 8. Qe2 Qc7 9. Bb3 Be7 10. O-O-O Na5 11. g4 b5 12. g5 Nxb3+ 13. axb3 Nd7 14. Nf5 exf5 15. Nd5 Qd8 16. exf5 Bb7 17. f6 Bxd5 18. Rxd5 gxf6 19. Re1 Rg8 20. gxf6 Nxf6 21. Rf5 Ng4 22. Bg5 Ne5 23. Bxe7 Qxe7 24. f4 Nd3+ 25. cxd3 Qxe2 1/2-1/2

[Event "4th Batumi Cup 2018"]
[Site "Batumi"]
[Date "2018.07.07"]
[Round "6"]
[White "Mgeladze, Tamaz"]
[Black "Rahul Srivatshav P"]
[Result "1-0"]
[ECO "A26"]
[WhiteElo "2374"]
[BlackElo "2397"]
[Annotator "NA"]
[PlyCount "141"]
[EventDate "2018.07.03"]
[EventType "swiss"]
[EventCountry "GEO"]
[SourceTitle "playchess.com"]
[Source "ChessBase"]
[SourceQuality "1"]
[TimeControl "40/5400+30:1800+30"]

1. c4 Nf6 2. g3 g6 3. Bg2 Bg7 4. Nf3 O-O 5. O-O d6 6. Nc3 Nc6 7. d3 e5 8. Rb1 a5 9. a3 h6 10. b4 axb4 11. axb4 Be6 12. b5 Ne7 13. Bb2 Qd7 14. Re1 Bh3 15. Bh1 Ng4 16. Ra1 {[%emt 0:01:14] A26: English Opening vs King's Indian with ...Nc6 and d3} (16. Qb3 f5 17. Ra1 Rab8 18. c5+ d5 19. e4 c6 20. exd5 cxd5 21. Nxe5 Nxe5 22. Nxd5 Nxd5 23. Rxe5 Bxe5 24. Qxd5+ Qxd5 25. Bxd5+ Kh7 26. Bxe5 Ra8 27. Rxa8 Rxa8 28. Bxb7 Ra5 29. Bc6 f4 30. gxf4 Ra2 31. b6 {1-0 (31) Eljanov,P (2742)-Nakamura,H (2741) Moscow 2010}) 16... f5 17. Rxa8 Rxa8 18. Qb3 Kh7 19. Nd2 Rb8 $146 ({Predecessor:} 19... c6 20. Ra1 Rxa1+ 21. Bxa1 e4 22. dxe4 fxe4 23. Bxe4 d5 24. cxd5 cxd5 25. Nxd5 Bxa1 {1-0 (40) Gagare,S (2287)-Maximov,D (2480) Pardubice 2012}) 20. Ra1 Qe6 21. Nd5 Nxd5 22. cxd5 Qf7 23. b6 f4 24. Bf3 Nf6 25. Nc4 Nxd5 {[%emt 0:09:07] [#]} 26. Nxd6 $1 cxd6 27. Bxd5 Qd7 28. Qa4 Qf5 29. Rc1 Rf8 30. Bf3 Bg4 $16 31. Bxg4 Qxg4 32. Qe4 d5 33. Qf3 Qe6 34. Rc7 Rf5 35. e4 Qxb6 36. exf5 Qxc7 37. fxg6+ Kxg6 38. Qxd5 fxg3 39. Qe4+ Kf7 40. hxg3 Kg8 41. Kg2 Bf6 42. Qg6+ Qg7 43. Qf5 Qf7 44. Qg4+ Bg7 45. Qe4 Qc7 46. Kf3 Qf7+ 47. Ke3 Qe7 48. Qd5+ Kh7 49. Qe4+ Kg8 50. Ke2 Qc7 51. Qc4+ Qxc4 52. dxc4 Kf7 53. Ke3 Ke6 54. Ke4 Bf6 55. g4 b6 56. Bc3 Bh4 57. f3 Bf6 58. Bb2 Kd6 59. f4 Kc5 60. Bxe5 Be7 61. Bd4+ Kxc4 62. Bxb6 Kb5 63. Bd4 Bf8 64. Kd5 Kb4 65. f5 Kb3 66. Bc5 Bg7 67. Be7 Kc2 68. f6 Bh8 69. f7 Bg7 70. f8=Q Bxf8 71. Bxf8 1-0

[Event "4th Batumi Cup 2018"]
[Site "Batumi"]
[Date "2018.07.07"]
[Round "6"]
[White "Pogosyan, Stefan"]
[Black "Gvetadze, Sofio"]
[Result "1/2-1/2"]
[ECO "A39"]
[WhiteElo "2356"]
[BlackElo "2316"]
[Annotator "NA"]
[PlyCount "104"]
[EventDate "2018.07.03"]
[EventType "swiss"]
[EventCountry "GEO"]
[SourceTitle "playchess.com"]
[Source "ChessBase"]
[SourceQuality "1"]
[TimeControl "40/5400+30:1800+30"]

1. d4 Nf6 2. c4 g6 3. Nc3 Bg7 4. g3 O-O 5. Bg2 c5 6. Nf3 cxd4 7. Nxd4 Nc6 8. O-O Qb6 9. e3 d6 10. b3 Bd7 {[%emt 0:01:03] A39: Symmetrical English vs ...g6: 4 Bg2 Bg7 5 Nf3 Nf6 6 0-0 0-0 7 d4} 11. Bb2 Rfc8 12. Qd2 a6 13. Rad1 Rab8 14. Nxc6 Bxc6 $146 ({Predecessor:} 14... bxc6 15. Na4 Qc7 16. c5 d5 17. Nb6 Rd8 18. f4 {½-½ (50) Mercadal Benejam,J (2563)-Alexandre Bisquert,F (2457) AEAC email 2003}) 15. e4 Qa5 16. a3 b5 17. b4 Qc7 18. cxb5 axb5 19. Rc1 Qa7 20. Rc2 Nd7 21. Rfc1 Ne5 22. Nxb5 Rxb5 23. Bxe5 Bxe5 24. Bh3 Rd8 25. Rxc6 Qxa3 26. Rb1 Rdb8 27. f4 Qa7+ 28. Kh1 Qd4 29. Qc2 Rxb4 (29... Bf6 $5 30. Rc4 Qe3 $15) 30. Rc8+ $1 Rxc8 31. Qxc8+ Kg7 32. Rxb4 Qxb4 33. fxe5 Qe1+ 34. Kg2 Qxe4+ 35. Kg1 Qxe5 $11 36. Qc2 Qe3+ 37. Qf2 Qxf2+ 38. Kxf2 Kf6 39. Ke3 Ke5 40. Bd7 f5 41. h4 h6 42. Be8 g5 43. hxg5 hxg5 44. Bd7 g4 45. Bc8 Kf6 46. Kd4 Kg5 47. Kd5 f4 48. gxf4+ Kxf4 49. Ke6 d5 50. Kxd5 g3 51. Bh3 e5 52. Bg2 Kf5 1/2-1/2

[Event "4th Batumi Cup 2018"]
[Site "Batumi"]
[Date "2018.07.07"]
[Round "6"]
[White "Lomsadze, Davit"]
[Black "Suleymanli Aydin"]
[Result "1/2-1/2"]
[ECO "D11"]
[WhiteElo "2348"]
[BlackElo "2289"]
[Annotator "NA"]
[PlyCount "114"]
[EventDate "2018.07.03"]
[EventType "swiss"]
[EventCountry "GEO"]
[SourceTitle "playchess.com"]
[Source "ChessBase"]
[SourceQuality "1"]
[TimeControl "40/5400+30:1800+30"]

1. d4 d5 2. Nf3 Nf6 3. g3 c6 4. Bg2 Bf5 5. O-O e6 6. Nbd2 h6 7. c4 Nbd7 8. b3 Bd6 9. Bb2 Qe7 {[%emt 0:07:54] D11: Slav Defence: 3 Nf3 sidelines and 3...Nf6 4 e3 Bg4} (9... Qb8 10. Qc1 O-O 11. Ba3 b5 12. Bxd6 Qxd6 13. Qc3 bxc4 14. bxc4 Ne4 15. Nxe4 Bxe4 16. Rfc1 dxc4 17. Qxc4 {½-½ (37) Mareco,S (2645)-Vishnu,P (2510) Sharjah 2018}) 10. a3 O-O 11. Re1 Bh7 12. Ne5 $146 ({Predecessor:} 12. b4 Bc7 13. c5 e5 14. dxe5 Nxe5 15. Nxe5 Bxe5 16. Bxe5 Qxe5 17. Nf3 Qe7 {½-½ (71) O'Brien,M-Cummins,H Dublin 1992}) 12... Rad8 13. Nxd7 Rxd7 14. b4 Ne4 15. Nxe4 dxe4 16. Qb3 Rfd8 17. Rad1 h5 18. Rd2 f5 19. e3 h4 20. b5 hxg3 21. hxg3 cxb5 22. c5 Bxc5 23. Rc2 Bb6 24. Qxb5 Bg6 25. Rec1 Be8 26. Qb3 Bf7 27. Qb5 Rd5 28. Qe2 Qe8 29. g4 Bg6 30. gxf5 Bxf5 31. Rd2 Qg6 32. f4 exf3 33. Qxf3 {[%emt 0:00:03] [#]} Re5 $1 34. a4 Be4 35. Qf4 Rg5 36. Qh2 Rh5 37. Qf4 Rf8 38. Qxe4 Qg3 39. Qf4 Rxf4 40. exf4 Qh2+ 41. Kf1 Rf5 42. Rf2 Rxf4 43. Rc8+ $19 Kf7 44. Bf3 Qh3+ 45. Ke2 g5 46. a5 Bxa5 47. Ba3 Qh7 48. Bd6 Rf5 49. Rh2 Qg7 50. Bh5+ Kf6 51. Rf8+ Qxf8 52. Bxf8 Bc7 53. Rh1 Bb6 54. Kd3 Rf4 55. Bc5 Bxc5 56. dxc5 Ke5 57. Rg1 Kd5 1/2-1/2

[Event "4th Batumi Cup 2018"]
[Site "Batumi"]
[Date "2018.07.07"]
[Round "6"]
[White "Chkhaidze, Nikoloz"]
[Black "Al Hosani, Omran"]
[Result "1-0"]
[ECO "E30"]
[WhiteElo "2337"]
[BlackElo "2089"]
[Annotator "NA"]
[PlyCount "48"]
[EventDate "2018.07.03"]
[EventType "swiss"]
[EventCountry "GEO"]
[SourceTitle "playchess.com"]
[Source "ChessBase"]
[SourceQuality "1"]
[TimeControl "40/5400+30:1800+30"]

1. d4 Nf6 2. c4 e6 3. Nc3 Bb4 4. Bg5 b6 5. f3 {[%emt 0:04:22] E30: Nimzo-Indian: Leningrad Variation} O-O (5... c5 6. d5 h6 7. Bh4 Ba6 8. e4 exd5 9. cxd5 Bxf1 10. Kxf1 Bxc3 11. bxc3 d6 12. Qa4+ Qd7 {1-0 (31) Bologan,V (2693)-Fier,A (2571) Caleta 2011}) 6. e4 d6 7. Bd3 Bxc3+ 8. bxc3 Nbd7 9. f4 e5 $146 ({Predecessor:} 9... h6 10. Bh4 e5 11. Nh3 exf4 12. O-O Bb7 {0-1 (34) Issel,O (2236)-Kuehn,K (1906) Saarlouis 2001}) 10. Nf3 exf4 11. O-O Bb7 12. Qc2 h6 13. Bxf4 Qe7 14. Rae1 Nh5 15. Bc1 Rfe8 16. Qf2 Ndf6 17. Qh4 g6 18. Bxh6 Nxe4 19. Ng5 f5 20. d5 Nhf6 21. Bxe4 Nxe4 22. Rxe4 fxe4 23. Rf7 $18 Qxf7 24. Nxf7 e3 1-0